 Dungeon Sprint DCSS version 0.29-a0-187-ga23d9638d5 (webtiles) character file.

Game seed: 6268237015496326429

0 cyrus the Skirmisher (level 1, -3/20 HPs)
             Began as a Hill Orc Fighter on Feb 21, 2022.
             Splashed by a jelly's acid (6 damage)
             ... in the Dungeon (Sprint VI: "Thunderdome").
             The game lasted 00:00:20 (43 turns).

cyrus the Skirmisher (Hill Orc Fighter)               Turns: 43, Time: 00:00:22

Health: -3/20      AC:  3    Str: 18    XL:     1   Next: 40%
Magic:  1/1        EV:  9    Int:  8    God:
Gold:   0          SH:  4    Dex: 10    Spells: 0/0 levels left

rFire   . . .      SeeInvis .   a - +0 war axe
rCold   . . .      Faith    .   c - +0 buckler
rNeg    . . .      Spirit   .   b - +0 scale mail
rPois   .          Reflect  .   (no helmet)
rElec   .          Harm     .   (no cloak)
rCorr   .          Rampage  .   (no gloves)
Will    .....      NoTele   +   (no boots)
Stlth   ..........              (no amulet)
HPRegen 0.06/turn               (no ring)
MPRegen 0.07/turn               (no ring)

@: corroded
A: no striking features
a: no special abilities


You were in the Dungeon.
You visited 1 branch

Inventory:

Hand Weapons
 a - a +0 war axe (weapon)
Armour
 b - a +0 scale mail (worn)
 c - a +0 buckler (worn)
Scrolls
 j - a scroll of blinking
Potions
 d - a potion of might
 e - a potion of curing
 f - a potion of heal wounds
 g - a potion of haste
 h - 2 potions of magic
 i - a potion of berserk rage


   Skills:
 + Level 4.1 Fighting
 + Level 3.0 Axes
 + Level 3.7 Armour
 + Level 3.6 Shields


You couldn't memorise any spells.
You didn't know any spells.
Your spell library was empty.

Dungeon Overview and Level Annotations

Branches:
Dungeon (1/1)

Altars:
Cheibriados
Dithmenos
Fedhas
Kikubaaqudgha
Makhleb
Okawaru
Qazlal
Ru
Sif Muna
Trog
Uskayaw
Vehumet
Xom
Zin
Beogh
Lugonu

Shops:
D *[?**[(!!!!


Message History

An endoplasm comes into view.
An endoplasm comes into view.
The endoplasm quivers.
Found an ancient bone altar of Kikubaaqudgha.
You hit the endoplasm but do no damage.
The endoplasm hits you but does no damage.
The endoplasm freezes you.
You are frozen.
You hit the endoplasm.
The endoplasm is almost dead.
The endoplasm hits you but does no damage.
You barely miss the endoplasm.
The endoplasm is almost dead.
You slash the endoplasm!
You kill the endoplasm!
The endoplasm jiggles.
The endoplasm hits you. You block the endoplasm's attack.
You hit the endoplasm.
You kill the endoplasm!
Your Fighting skill increases to level 4!
Your Axes skill increases to level 3!
Found a stormy altar of Qazlal.
Unknown command.
Found a burning altar of Makhleb.
Found Dawugab's Identification Station.
Found Biak's Advanced Armour and Kaatea Gecs's Jewellery.
A jelly comes into view.
Found three altars.
The jelly hits you but does no damage.
You hit the jelly. The acid corrodes you!
Your hands burn!
The jelly is moderately wounded.
The jelly hits you but does no damage. The jelly hits you.
You are splashed with acid!
You hit the jelly.
Your hands burn!
* * * LOW HITPOINT WARNING * * *
The jelly is severely wounded.
The jelly hits you.
* * * LOW HITPOINT WARNING * * *
You are splashed with acid.
You die...

...._ ###.........###
#⌠...........⌠#
######.8.........8.###
##.___......# #......__
##∩........8.# #.8......
.............###........
.......J..# #...# #.....
.......@..# #.<.# #.....
..........###...###.....
.............###........
##∩........8.# #.8......
##∩___......###......__
######.8.........8.###
#⌠...........⌠#
###.........###
#_........#


You could see a jelly.

Vanquished Creatures
  2 endoplasms (D)
2 creatures vanquished.

Notes
Turn   | Place    | Note
-------+----------+-------------------------------------------
     0 | D        | cyrus the Hill Orc Fighter began the quest for the Orb.
     0 | D        | Reached XP level 1. HP: 19/19 MP: 1/1
     0 | D        | Found a snail-covered altar of Cheibriados.
     1 | D        | Found a bloodstained altar of Trog.
     1 | D        | Found a radiant altar of Vehumet.
     2 | D        | Found a corrupted altar of Lugonu.
     2 | D        | Found an iron altar of Okawaru.
     3 | D        | Found Loynk's Do-It-Yourself Clinic.
     3 | D        | Found a shadowy altar of Dithmenos.
     3 | D        | Found a shimmering altar of Xom.
     3 | D        | Found Liuness's Distillery.
     4 | D        | Found Qoxoan's Bottled Wisdom.
     4 | D        | Found Roxo's Weapon Rack.
     4 | D        | Found Vuhapnia's Distillery.
     5 | D        | Round 1.
    13 | D        | Found a blossoming altar of Fedhas.
    18 | D        | Found a shimmering blue altar of Sif Muna.
    18 | D        | Found a hide-covered altar of Uskayaw.
    18 | D        | Found Qaazac's Premium Goods.
    19 | D        | Found Reunecw's Basic Armour.
    19 | D        | Found Jaelay Nume's Miscellaneous Merchandise.
    27 | D        | Found an ancient bone altar of Kikubaaqudgha.
    34 | D        | Reached skill level 4 in Fighting
    34 | D        | Found a stormy altar of Qazlal.
    35 | D        | Found a burning altar of Makhleb.
    36 | D        | Found Dawugab's Identification Station.
    37 | D        | Found Biak's Advanced Armour.
    37 | D        | Found Kaatea Gecs's Jewellery.
    38 | D        | Found a sacrificial altar of Ru.
    38 | D        | Found a roughly hewn altar of Beogh.
    38 | D        | Found a glowing silver altar of Zin.
    38 | D        | Noticed a jelly
    43 | D        | Splashed by a jelly's acid

Illustrated notes

Levels and vault maps discovered:
D:        arena_sprint

Skill      XL: |  1 |
---------------+----+-----
Fighting       | 4 |  4.1
Axes           | 3 |  3.0
Armour         | |  3.7
Shields        | |  3.6

Action                   || total
-------------------------++-------
Melee: War axe           ||     6
Armor: Scale mail        ||     4
Block: Buckler           ||     1

Table legend: (Time is in decaauts)
 A = Elapsed time spent in this place.
 B = Non-inter-level travel time spent in this place.
 C = Inter-level travel time spent in this place.
 D = Time resting spent in this place.
 E = Time spent auto-exploring this place.
 F = Levels seen in this place.
 G = Mean time per level.
                   A        B        C        D        E       F      G
               +--------+--------+--------+--------+--------+-----+--------+
         Total |     45 |     29 |     16 |      0 |      0 |   1 |   45.0 |
       Dungeon |     45 |     29 |     16 |      0 |      0 |   1 |   45.0 |
               +--------+--------+--------+--------+--------+-----+--------+

Top non-repeatable levels by time:
       D: 45 daAuts
